 Dungeon Crawl Stone Soup version 0.31-a0-1008-g5b978dac0e (webtiles) character file.

Game seed: 910950554349110935

2807 Fandomethor the Mimic (level 9, -1/81 HPs)
             Began as a Merfolk Shapeshifter on Nov 12, 2023.
             Was a Follower of Wu Jian.
             Slain by a juvenile oxsting beast (9 damage)
             ... on level 7 of the Dungeon.
             The game lasted 00:13:25 (7770 turns).

Fandomethor the Mimic (Merfolk Shapeshifter)        Turns: 7770, Time: 00:13:25

Health: -1/81      AC: 11    Str: 20    XL:     9   Next: 72%
Magic:  9/9        EV: 13    Int:  9    God:    Wu Jian [*.....]
Gold:   393        SH:  0    Dex: 17    Spells: 8/8 levels left

rFire   . .          .
                       - Unarmed
rCold   . . .        (shield currently unavailable)
rNeg    . . .        a - melded +0 animal skin
rPois   +            h - melded +0 hat
rElec   .            (cloak currently unavailable)
rCorr   .            (gloves currently unavailable)
SInv    .            o - melded +0 pair of boots
Will    .....        (no amulet)
Stlth   ++           g - ring of poison resistance
HPRegen 0.33/turn    (no ring)
MPRegen 0.11/turn

%: no passive effects
@: brilliant, snake-form, attractive
A: constrict, boosted hp, large, (nimble swimmer 2), (mertail)
a: Begin Untransformation, Renounce Religion


You were on level 7 of the Dungeon.
You worshipped Wu Jian.
Wu Jian was aware of your devotion.
You were an enormous anaconda.
You visited 2 branches of the dungeon, and saw 8 of its levels.

You collected 393 gold pieces.

Inventory:

Armour
 a - a +0 animal skin (melded)
 h - a +0 hat (melded)
 o - a +0 pair of boots (melded)
 r - a +0 chain mail
 G - a +0 pair of boots
Jewellery
 g - a ring of poison resistance (left hand)
 n - an amulet of faith
Talismans
 c - a beast talisman
 d - a flux talisman
 E - a serpent talisman (active)
Wands
 q - a wand of flame (30)
 x - a wand of charming (9)
 C - a wand of roots (7)
Scrolls
 e - 5 scrolls of identify {unknown}
 f - a scroll of blinking
 i - 2 scrolls of fog {unknown}
 j - a scroll of teleportation {unknown}
 l - 3 scrolls of enchant weapon {unknown}
 p - a scroll of fear {unknown}
 t - 2 scrolls of revelation {unknown}
 w - a scroll of immolation {unknown}
 y - 2 scrolls of silence {unknown}
 A - a scroll of enchant armour {unknown}
 F - a scroll of brand weapon {unknown}
Potions
 b - 3 potions of lignification
 m - a potion of berserk rage {unknown}
 s - 2 potions of attraction
 u - a potion of curing
 v - a potion of brilliance
 z - a potion of ambrosia {unknown}
 B - a potion of haste {unknown}
 D - a potion of might {unknown}
 H - a potion of magic
 I - a potion of heal wounds {unknown}


   Skills:
 - Level 5.0 Fighting
 + Level 6.5 Dodging
 + Level 2.4 Stealth
 - Level 5.0 Unarmed Combat
 + Level 13.1 Shapeshifting


You had 8 spell levels left.
You didn't know any spells.
Your spell library contained the following spells:

 Spells                   Type           Power      Damage    Failure   Level
 Freeze                   Ice            0%         1d3       38%         1
 Lesser Beckoning         Tloc           0%         N/A       52%         2
 Frozen Ramparts          Ice            0%         1d1       77%         3
 Gell's Gravitas          Tloc           0%         N/A       77%         3
 Hailstorm                Conj/Ice       0%         3d3       77%         3
 Teleport Other           Tloc           0%         N/A       77%         3


Dungeon Overview and Level Annotations

Branches:
Dungeon (7/15)             Temple (1/1) D:6

Altars:
Cheibriados
Dithmenos
Elyvilon
Fedhas
Gozag
Hepliaklqana
Kikubaaqudgha
Ru
Sif Muna
Trog
Uskayaw
Wu Jian
Xom
Yredelemnul
Zin
The Shining One

Shops:
D:1 *


Innate Abilities, Weirdness & Mutations

You are an enormous anaconda.
You have a powerful constriction melee attack.
Your maximum health is increased.
Your armour is entirely melded.
You are incapable of wielding weapons or throwing items.
((You are very nimble when in or above water. (Stealth+, EV+, Speed+++)))
((Your lower body shifts to a powerful aquatic tail in water.))


Message History

You feel clever all of a sudden.
The juvenile oxsting beast hits you but does no damage.
The juvenile oxsting beast tramples you but does no damage.
The juvenile oxsting beast closely misses you.
It was a potion of magic.
Magic courses through your body. The juvenile oxsting beast hits you!
* * * LOW HITPOINT WARNING * * *
The juvenile oxsting beast misses you.
The juvenile oxsting beast closely misses you.
Okay, then.
Okay, then.
You hit the juvenile oxsting beast but do no damage.
You grab the juvenile oxsting beast.
The juvenile oxsting beast is severely wounded.
You constrict the juvenile oxsting beast.
The juvenile oxsting beast closely misses you.
The juvenile oxsting beast tramples you.
* * * LOW HITPOINT WARNING * * *
You hold your ground!
The juvenile oxsting beast misses you.
Blink to where?
Press: ? - help, Dir - move target You lose your grip on the juvenile oxsting beast.
As you read the scroll of blinking, it crumbles to dust.
The juvenile oxsting beast is attracted toward you.
Okay, then.
Okay, then.
You feel better. The juvenile oxsting beast hits you!
* * * LOW HITPOINT WARNING * * *
The juvenile oxsting beast tramples you.
* * * LOW HITPOINT WARNING * * *
You hold your ground!
The juvenile oxsting beast stings you but does no damage.
You feel better. The juvenile oxsting beast hits you!
* * * LOW HITPOINT WARNING * * *
The juvenile oxsting beast barely misses you.
The juvenile oxsting beast misses you.
It was a potion of mutation.
You feel extremely strange.
You feel frail.
You feel robust. The juvenile oxsting beast hits you!
You die...

######.# #.##.# #.... #
#...#####.##.# ###..
#....##.##.# ########.#
######.##.##.# ####.......†.
##...).....##.###....######..
...........##.....#########†.
.......................#.....
........†..H>.########.#.###.
............S....# #.........
...........####### ###.#.###.
...........# #..#.# #.
########.... $...#.# ##
#.#..# ...).##.# ###...
#..#... #.. ##... .. ..#.
##.##. ..... h.... .+..
$..... .##.


You could see a juvenile oxsting beast.

Vanquished Creatures
  A wyvern (D:7)
  Sigmund (D:2)
  A water moccasin (D:7)
  A sky beast (D:5)
  6 black bears
  An orc warrior (D:7)
  2 centaurs
  An ogre (D:6)
  A kobold brigand (D:7)
  2 phantoms
  A bullfrog (D:7)
  3 scorpions
  3 wights (D:7)
  3 howler monkeys
  A jelly (D:5)
  4 hounds
  A sleepcap (D:6)
  6 iguanas
  5 orc wizards
  3 mutant beasts (D:7)
  6 adders
  2 shadow imps
  3 worms
  3 dart slugs
  9 orcs
  7 bats
  8 endoplasms
  A giant cockroach (D:1)
  3 hobgoblins
  4 jackals (D:1)
  3 quokkas
  4 ball pythons
  A frilled lizard (D:2)
  6 goblins
  11 kobolds
  2 rats
120 creatures vanquished.

Notes
Turn   | Place    | Note
-------+----------+-------------------------------------------
     0 | D:1      | Fandomethor the Merfolk Shapeshifter began the quest for
                  | the Orb.
     0 | D:1      | Reached XP level 1. HP: 15/15 MP: 1/1
    68 | D:1      | Reached XP level 2. HP: 2/21 MP: 2/2
   388 | D:1      | Found Taifeat's Assorted Antiques.
   671 | D:1      | Reached XP level 3. HP: 17/27 MP: 3/3
  1097 | D:1      | Found a faded altar of an unknown god.
  1258 | D:2      | Noticed Sigmund
  1428 | D:2      | Killed Sigmund
  1429 | D:2      | Reached skill level 5 in Shapeshifting
  1429 | D:2      | Reached XP level 4. HP: 12/35 MP: 4/4
  1429 | D:2      | Reached XP level 5. HP: 14/41 MP: 5/5
  2621 | D:3      | Reached XP level 6. HP: 27/47 MP: 6/6
  3073 | D:4      | Reached skill level 5 in Dodging
  3155 | D:4      | Reached skill level 5 in Unarmed Combat
  3456 | D:4      | Reached XP level 7. HP: 46/54 MP: 7/7
  3582 | D:4      | Reached skill level 6 in Shapeshifting
  3911 | D:5      | Entered Level 5 of the Dungeon
  4102 | D:5      | Reached skill level 5 in Fighting
  4212 | D:5      | Reached skill level 7 in Shapeshifting
  4927 | D:6      | Reached skill level 8 in Shapeshifting
  4927 | D:6      | Reached XP level 8. HP: 39/62 MP: 8/8
  5005 | D:6      | Found a staircase to the Ecumenical Temple.
  5115 | Temple   | Entered the Ecumenical Temple
  5142 | Temple   | Became a worshipper of the Wu Jian Council
  5362 | D:6      | Reached skill level 9 in Shapeshifting
  5824 | D:5      | Reached skill level 10 in Shapeshifting
  6500 | D:7      | Reached skill level 11 in Shapeshifting
  6506 | D:7      | Reached XP level 9. HP: 37/68 MP: 9/9
  6592 | D:7      | Reached skill level 12 in Shapeshifting
  6729 | D:7      | Found a glowing silver altar of Zin.
  6729 | D:7      | Noticed an angel
  7328 | D:7      | Reached skill level 1 in Stealth
  7559 | D:7      | Reached skill level 13 in Shapeshifting
  7572 | D:7      | Noticed a juvenile oxsting beast
  7751 | D:7      | Reached * piety under Wu Jian
  7770 | D:7      | Gained mutation: You are frail. (-10% HP) [potion of
                  | mutation]
  7770 | D:7      | Lost mutation: You are frail. (-10% HP) [potion of
                  | mutation]
  7770 | D:7      | Slain by a juvenile oxsting beast

Illustrated notes

Levels and vault maps discovered:
D:1:      dpeg_arrival_rooms_with_view, layout_loops_corners,
          chequers_ecumenical_altar_lobes, serial_shops, shop
D:2:      layout_rooms, guppyfry_early_lair_pool, uniq_sigmund
D:3:      layout_basic
D:4:      layout_basic, nicolae_the_louvre
D:5:      layout_gridville, hangedman_abyss_or_decor_slice, feat_on_display
D:6:      kennysheep_spiral_hall, layout_layer_cave, minmay_temple_entry_grid
D:7:      layout_basic, zin_angel, nicolae_beast_mode
Temple:   bh_familiar_temple

Skill      XL: |  1  2  3  4  5  6  7  8  9 |
---------------+----------------------------+-----
Dodging        | 3 4 5 6 |  6.5
Fighting       | 3 4 5 |  5.0
Unarmed Combat | 4 5 |  5.0
Shapeshifting  | 5 8 11 13 | 13.1
Stealth        | 2 |  2.4

Action                     |  1- 3 |  4- 6 |  7- 9 || total
---------------------------+-------+-------+-------++-------
  Melee: Unarmed           |   103 |   126 |   259 ||   488
         Constrict         |       |       |    13 ||    13
Ability: Lunge             |       |       |     3 ||     3
  Evoke: Wand              |       |       |     1 ||     1
    Use: Scroll            |       |       |     2 ||     2
         Potion            |       |       |     7 ||     7
   Stab: Sleeping          |       |       |     1 ||     1
 Armour: Animal skin       |    45 |    69 |   124 ||   238
         Skin              |       |       |    65 ||    65
  Dodge: Dodged            |    57 |    93 |   176 ||   326
   Form: Flux              |     1 |     1 |       ||     2
                           |     1 |       |       ||     1
         Beast             |     1 |       |       ||     1
         Anaconda          |       |       |     1 ||     1

Table legend: (Time is in decaauts)
 A = Elapsed time spent in this place.
 B = Non-inter-level travel time spent in this place.
 C = Inter-level travel time spent in this place.
 D = Time resting spent in this place.
 E = Time spent auto-exploring this place.
 F = Levels seen in this place.
 G = Mean time per level.
                   A        B        C        D        E       F      G
               +--------+--------+--------+--------+--------+-----+--------+
         Total |   7731 |   7420 |    311 |   1271 |   4847 |   8 |  966.4 |
       Dungeon |   7677 |   7413 |    264 |   1271 |   4847 |   7 | 1096.7 |
        Temple |     53 |      6 |     47 |      0 |      0 |   1 |   53.0 |
               +--------+--------+--------+--------+--------+-----+--------+

Top non-repeatable levels by time:
     D:6: 1365 daAuts
     D:1: 1250 daAuts
     D:7: 1222 daAuts
     D:5: 1198 daAuts
     D:4: 1079 daAuts
     D:3: 884 daAuts
     D:2: 676 daAuts
  Temple: 53 daAuts
